Cogmind - Beta 12 @@@ ROGUE MODE // 2023.04.09 @ 02:01:57 Player: ArabianSandBoa Result: Self-destructed Performance ------------- Evolutions (6) 3000 Regions Visited (18) 3600 Robots Destroyed (44) 220 Value Destroyed (1324) 1324 Prototype IDs (35) 700 Alien Tech Used (0) 0 Bonus (2196) 2196 TOTAL SCORE: 11040 Bonus ------- Pacifist 200 High Alert Combat Kills 17 Follower Combat Kills 479 Entered Garrisons 200 Entered DSFs 1000 Aligned with FarCom 300 Cogmind --------- Core Integrity 1016/1150 Matter 55/300 Energy 126/160 System Corruption 0% Temperature Cool (0) Movement Flying (32) Location -4/Garrison Parts ------- > --- POWER (1) -------- Light Nuclear Core > --- PROPULSION (2) --- VTOL Module VTOL Module > --- UTILITY (14) ----- Advanced Weight Redist. System Improved Signal Interpreter Improved Targeting Computer Launcher Guidance Computer Improved Armor Integrity Analyzer Hacking Suite Hacking Suite Advanced Hacking Suite System Shield System Shield Advanced System Shield Authchip [Weapon] > --- WEAPON (2) ------- (None) > --- INVENTORY (5) ---- Improved Fusion Compressor Trap Scanner Improved Transmission Jammer Long-range Missile Launcher Remote Datajack Peak State ------------ > --- POWER ------------ Micro Nuclear Core > --- PROPULSION ------- Xenon Bombardment Thruster Xenon Bombardment Thruster > --- UTILITY ---------- Advanced Weight Redist. System Trap Scanner Improved Signal Interpreter Improved Targeting Computer Launcher Guidance Computer Improved Armor Integrity Analyzer Hacking Suite Hacking Suite Advanced Hacking Suite System Shield System Shield Advanced System Shield Advanced System Shield Authchip [Weapon] > --- WEAPON ----------- Remote Datajack Dual-blade Saw > --- INVENTORY -------- Improved Fusion Compressor Improved Transmission Jammer ECM Suite Improved Reaction Control System Long-range Missile Launcher [Rating: 81] Favorites ----------- Power Micro Nuclear Core Engine Ion Engine Power Core Micro Nuclear Core Propulsion Xenon Bombardment Thruster Treads Light Treads Leg Potential Leg Wheel Wheel Flight Unit Xenon Bombardment Thruster Utility Hacking Suite Device Advanced Weight Redist. System Storage Large Storage Unit Processor Advanced Targeting Computer Hackware Hacking Suite Protection Light Armor Plating Weapon Dual-blade Saw Energy Gun Gatling Laser Energy Cannon Heavy Particle Cannon Ballistic Gun Assault Rifle Launcher Long-range Missile Launcher Special Weapon Remote Datajack Slashing Weapon Dual-blade Saw Build | -11 -10 -10 -9 -9 -9 -8 -8 -7 -7 -6 -6 -6 -6 -5 -4 -4 -4 -4 ------- Run | Jun Mat Min Mat Min Exi Min Mat Fac DSF Fac Was Fac DSF Fac Fac Was Fac Gar Slots Evolved 12 | . . . 2 . . . 2 2 . 2 . . . 2 2 . . . Power . | . . . . . . . . . . . . . . . . . . . Propulsion . | . . . . . . . . . . . . . . . . . . . Utility 12 | . . . 2 . . . 2 2 . 2 . . . 2 2 . . . Weapon . | . . . . . . . . . . . . . . . . . . . Parts Attached 111 | . 2 . 13 8 5 3 23 . 5 10 7 2 6 14 6 . . 7 Power 8 | . . . 1 . . 1 3 . 1 1 . . . . . . . 1 Engine 5 | . . . 1 . . 1 2 . 1 . . . . . . . . . Core 3 | . . . . . . . 1 . . 1 . . . . . . . 1 Reactor . | . . . . . . . . . . . . . . . . . . . Propulsion 20 | . . . 5 2 2 . 5 . . 2 . . . 2 . . . 2 Treads 2 | . . . 2 . . . . . . . . . . . . . . . Leg 5 | . . . . . 2 . 3 . . . . . . . . . . . Wheel 5 | . . . 3 2 . . . . . . . . . . . . . . Hover . | . . . . . . . . . . . . . . . . . . . Flight 8 | . . . . . . . 2 . . 2 . . . 2 . . . 2 Utility 53 | . 1 . 4 4 1 2 6 . 4 5 4 1 5 10 5 . . 1 Device 14 | . . . 1 1 . 2 2 . . 1 2 . 1 3 . . . 1 Storage 2 | . . . . . 1 . . . . . 1 . . . . . . . Processor 11 | . . . . . . . 3 . . 1 1 1 . 1 4 . . . Hackware 19 | . . . . 1 . . . . 4 3 . . 4 6 1 . . . Protection 7 | . 1 . 3 2 . . 1 . . . . . . . . . . . Artifact . | . . . . . . . . . . . . . . . . . . . Weapon 30 | . 1 . 3 2 2 . 9 . . 2 3 1 1 2 1 . . 3 Energy Gun 14 | . . . 2 2 2 . 6 . . 1 1 . . . . . . . Energy Cannon 4 | . . . . . . . 2 . . 1 1 . . . . . . . Ballistic Gun 2 | . 1 . 1 . . . . . . . . . . . . . . . Ballistic Cannon . | . . . . . . . . . . . . . . . . . . . Launcher 7 | . . . . . . . 1 . . . . 1 1 2 . . . 2 Special Weapon 2 | . . . . . . . . . . . . . . . 1 . . 1 Impact Weapon . | . . . . . . . . . . . . . . . . . . . Slashing Weapon 1 | . . . . . . . . . . . 1 . . . . . . . Piercing Weapon . | . . . . . . . . . . . . . . . . . . . Special Melee Weapon . | . . . . . . . . . . . . . . . . . . . Unidentified Prototypes 9 | . . . 1 . . . 5 . . 1 1 1 . . . . . . Parts Lost 15 | . . . 1 . . . 2 . 2 . . . 1 3 1 . . 5 Power 2 | . . . . . . . . . 1 . . . . . . . . 1 Propulsion 2 | . . . . . . . . . . . . . . . 1 . . 1 Utility 10 | . . . 1 . . . 2 . 1 . . . 1 3 . . . 2 Weapon 1 | . . . . . . . . . . . . . . . . . . 1 Highest Loss Streak 5 | . . . 1 . . . 1 . 2 . . . 1 2 1 . . 5 To Critical Strikes . | . . . . . . . . . . . . . . . . . . . Average Slot Usage (%) 95 | . 97 100 94 97 90 99 98 76 80 93 97 96 97 92 93 94 94 90 Engine 4 | . 14 14 11 11 11 10 3 . 1 5 . . . . . . . . Core 3 | . . . . . . . 5 7 3 . 6 6 6 5 5 5 5 4 Leg 7 | . 28 28 2 . 11 22 17 15 15 1 . . . . . . . . Wheel 2 | . . . 13 12 11 . . . . . . . . . . . . . Flight 5 | . . . . . . . . . . 11 13 13 13 10 10 5 5 5 Device 9 | . . . 9 11 11 11 15 15 10 6 4 . 3 12 10 10 10 9 Storage 5 | . 14 14 11 11 11 11 9 7 7 1 . . . . . . . . Processor 7 | . . . . . . . 13 15 15 13 14 20 2 . 17 21 21 21 Hackware 27 | . . . . 5 11 11 5 . 11 43 46 46 58 53 41 42 42 41 Protection 5 | . 11 14 19 16 11 11 9 . . . . . . . . . . . Energy Gun 9 | . 14 14 16 19 13 22 14 15 15 6 7 3 1 . . . . . Slashing Weapon 2 | . . . . . . . . . . . 2 6 6 5 5 5 5 4 Naked Turns . | . . . . . . . . . . . . . . . . . . . Heaviest Build 46 | 11 15 15 22 22 37 41 46 34 34 38 19 12 18 21 15 15 15 20 Greatest Support 60 | 20 20 20 40 40 60 60 60 60 60 60 12 12 21 21 21 15 15 15 Greatest Overweight (x) 8 | . . . 1 . . . 8 . . . 1 . . . . . . 1 Average Overweight (x) . | . . . . . . . . . . . . . . . . . . . Largest Inventory Capacity 15 | . 8 8 8 8 15 15 15 15 15 15 5 5 5 5 5 5 5 5 Average Capacity 8 | . 8 8 8 8 8 15 15 15 15 7 5 5 5 5 5 5 5 5 Most Carried 15 | . 7 7 8 8 8 15 15 15 15 14 5 5 5 5 5 5 5 5 Average Carried 7 | . 6 7 7 7 8 12 14 15 14 5 4 4 4 4 4 5 5 4 Final Capacity 15 | 8 8 8 8 8 15 15 15 15 15 5 5 5 5 5 5 5 5 5 Final Carried 15 | 6 7 7 8 8 8 15 15 15 14 5 5 5 5 5 5 5 5 5 Class Distribution -------------------- 40% | Wizard-Mutant 27% | Scavenger-Mutant 21% | Mutant 10% | Hacker-Mutant Dominant Class ---------------- Mutant | -10/Materials Mutant | -10/Mines Scavenger-Mutant | -9/Materials Scavenger-Mutant | -9/Mines Mutant | -9/Exiles Scavenger-Mutant | -8/Mines Scavenger-Mutant | -8/Materials Mutant | -7/Factory Mutant | -7/DSF Wizard-Mutant | -6/Factory Wizard-Mutant | -6/Waste Wizard-Mutant | -6/Factory Hacker-Mutant | -6/DSF Wizard-Mutant | -5/Factory Wizard-Mutant | -4/Factory Wizard-Mutant | -4/Waste Wizard-Mutant | -4/Factory Wizard-Mutant | -4/Garrison Resources | -11 -10 -10 -9 -9 -9 -8 -8 -7 -7 -6 -6 -6 -6 -5 -4 -4 -4 -4 ----------- Run | Jun Mat Min Mat Min Exi Min Mat Fac DSF Fac Was Fac DSF Fac Fac Was Fac Gar Matter Collected 1257 | 189 . . 192 80 . 87 204 . . . 206 . 95 155 . . . 49 Remotely . | . . . . . . . . . . . . . . . . . . . Salvage Created 1652 | . . . 390 185 . 155 662 . . . . . 113 75 . . . 72 Parts 89 | . . . 30 7 . 5 28 . . . . . 1 13 . . . 5 Haulers Intercepted 4 | . . . . . . . 3 . . . . . 1 . . . . . Recyclers Shooed . | . . . . . . . . . . . . . . . . . . . Parts Field Recycled . | . . . . . . . . . . . . . . . . . . . Retrieved Matter . | . . . . . . . . . . . . . . . . . . . Parts Self-Destructed . | . . . . . . . . . . . . . . . . . . . Prevented . | . . . . . . . . . . . . . . . . . . . Kills | -11 -10 -10 -9 -9 -9 -8 -8 -7 -7 -6 -6 -6 -6 -5 -4 -4 -4 -4 ------- Run | Jun Mat Min Mat Min Exi Min Mat Fac DSF Fac Was Fac DSF Fac Fac Was Fac Gar Combat Hostiles Destroyed 21 | . . . 4 2 . 1 8 . . . . . . 3 . . . 3 Melee 4 | . . . . . . . . . . . . . . 1 . . . 3 Guns 13 | . . . 3 2 . 1 7 . . . . . . . . . . . Cannons 1 | . . . . . . . 1 . . . . . . . . . . . AOE 2 | . . . . . . . . . . . . . . 2 . . . . Classes Destroyed 12 | . . . 6 1 . 1 2 . . . . . . 2 . . . . Worker 4 | . . . 1 . . . 1 . . . . . . 2 . . . . Builder 3 | . . . . . . . 1 . . . . . . 2 . . . . Tunneler 1 | . . . . . . 1 . . . . . . . . . . . . Hauler 4 | . . . . . . . 3 . . . . . 1 . . . . . Recycler 5 | . . . 1 1 . 1 2 . . . . . . . . . . . Operator 3 | . . . 1 . . . 2 . . . . . . . . . . . Watcher 3 | . . . 2 . . . . . . . . . . 1 . . . . Swarmer 4 | . . . . . . . . . . . . . . 1 . . . 3 Grunt 9 | . . . 1 1 . 1 6 . . . . . . . . . . . Brawler 1 | . . . . 1 . . . . . . . . . . . . . . Sentry 5 | . . . 3 . . . 2 . . . . . . . . . . . Programmer 2 | . . . . . . . . . . . . . . 2 . . . . Best Kill Streak 6 | . . . 3 2 . 2 6 . . . . . 1 3 . . . 3 Combat Bots Only 4 | . . . 2 2 . 1 4 . . . . . . 2 . . . 3 Max Kills in Single Turn 2 | . . . 1 1 . 1 1 . . . . . 1 2 . . . 1 Gunslinging . | . . . . . . . . . . . . . . . . . . . Exploded 1 | . . . . . . . . . . . . . . 1 . . . . Melee 1 | . . . . . . . . . . . . . . 1 . . . 1 Uniques/NPCs Destroyed . | . . . . . . . . . . . . . . . . . . . Combat | -11 -10 -10 -9 -9 -9 -8 -8 -7 -7 -6 -6 -6 -6 -5 -4 -4 -4 -4 -------- Run | Jun Mat Min Mat Min Exi Min Mat Fac DSF Fac Was Fac DSF Fac Fac Was Fac Gar Damage Taken 1585 | . 46 90 291 43 . . 407 . 125 . . . 83 187 111 . 14 188 Core 387 | . 34 7 14 . . . 73 . 21 . . . 61 43 68 . . 66 Absorbed by Shields 28 | . . . . . . . . . . . . . 28 . . . . . Regen/Repaired (Parts) 27 | . . . . . . . . . . . 27 . . . . . . . Core Remaining (%) 92 | 100 . 83 . . . 96 86 . 97 . . . 92 95 . . . . Volleys Fired 88 | . . . 23 5 . 4 33 . 2 . 11 . . 9 . . . 1 Largest 2 | . . . 2 2 . 2 2 . 2 . 1 . . 1 . . . 1 Hottest 155 | . . . 95 95 . 149 155 . 145 . 63 . . 43 . . . 43 Shots Fired 147 | . . . 46 8 . 8 60 . 4 . 11 . . 9 . . . 1 Gun 125 | . . . 46 8 . 8 48 . 4 . 11 . . . . . . . Cannon 12 | . . . . . . . 12 . . . . . . . . . . . Launcher 10 | . . . . . . . . . . . . . . 9 . . . 1 Special . | . . . . . . . . . . . . . . . . . . . Kinetic 12 | . . . 12 . . . . . . . . . . . . . . . Thermal 111 | . . . 23 5 . 8 60 . 4 . 11 . . . . . . . Explosive 10 | . . . . . . . . . . . . . . 9 . . . 1 Electromagnetic 14 | . . . 11 3 . . . . . . . . . . . . . . Robot Hit Streak 18 | . . . 9 9 . 8 18 . 13 . 12 . . 4 . . . . Robot Miss Streak 4 | . . . 2 2 . 1 4 . 3 . 1 . . 1 . . . . Penetration Max . | . . . . . . . . . . . . . . . . . . . Secondary Targets 1 | . . . . . . . 1 . . . . . . . . . . . Max Gunslinging Chain 1 | . . . . . . . 1 . . . . . . . . . . . Shots Hit Robots 123 | . . . 29 6 . 5 50 . 4 . 10 . 7 8 . . . 4 Core Hits 108 | . . . 15 6 . 5 62 . 2 . . . 2 13 . . . 3 Critical Kills . | . . . . . . . . . . . . . . . . . . . Critical Parts Destroyed . | . . . . . . . . . . . . . . . . . . . Critical Strikes 2 | . . . . . . . . . . . 1 . 1 . . . . . Burn 1 | . . . . . . . . . . . 1 . . . . . . . Sever 1 | . . . . . . . . . . . . . 1 . . . . . Melee Attacks 28 | . . . . . . . . . . . . . 8 11 3 . . 6 Impact . | . . . . . . . . . . . . . . . . . . . Slashing 28 | . . . . . . . . . . . . . 8 11 3 . . 6 Piercing . | . . . . . . . . . . . . . . . . . . . Sneak Attacks 1 | . . . . . . . . . . . . . . 1 . . . . Combat Hostiles . | . . . . . . . . . . . . . . . . . . . Follow-up Attacks . | . . . . . . . . . . . . . . . . . . . Damage Inflicted 3084 | . . . 438 105 . 129 1129 . 99 . 187 . 173 701 . . . 123 Guns 1889 | . . . 438 82 . 129 954 . 99 . 187 . . . . . . . Cannons 175 | . . . . . . . 175 . . . . . . . . . . . Explosions 640 | . . . . 23 . . . . . . . . . 617 . . . . Melee 380 | . . . . . . . . . . . . . 173 84 . . . 123 Ramming . | . . . . . . . . . . . . . . . . . . . Kinetic 66 | . . . 66 . . . . . . . . . . . . . . . Thermal 1799 | . . . 189 66 . 129 1129 . 99 . 187 . . . . . . . Explosive 617 | . . . . . . . . . . . . . . 617 . . . . Electromagnetic 222 | . . . 183 39 . . . . . . . . . . . . . . Impact . | . . . . . . . . . . . . . . . . . . . Slashing 380 | . . . . . . . . . . . . . 173 84 . . . 123 Piercing . | . . . . . . . . . . . . . . . . . . . Highest Corruption 3 | . . . 1 1 1 1 . . . . . . . 3 . . . . Average Corruption 1 | . . . 1 1 1 1 . . . . . . . 2 . . . . Corruption Purged . | . . . . . . . . . . . . . . . . . . . Corruption Blocked . | . . . . . . . . . . . . . . . . . . . Effects 15 | . . . . 1 . 3 . . . . . . . 11 . . . . Message Errors 2 | . . . . . . 1 . . . . . . . 1 . . . . Matter Fused 10 | . . . . . . 1 . . . . . . . 9 . . . . Heat Flow Errors 1 | . . . . . . . . . . . . . . 1 . . . . Data Loss (minor) 2 | . . . . 1 . 1 . . . . . . . . . . . . Overload Shots . | . . . . . . . . . . . . . . . . . . . Overflow Damage 50 | . . . . . . . . . . . . . . 50 . . . . Projectiles . | . . . . . . . . . . . . . . . . . . . Explosions 29 | . . . . . . . . . . . . . . 29 . . . . Melee 21 | . . . . . . . . . . . . . . 21 . . . . Knockbacks . | . . . . . . . . . . . . . . . . . . . Impact . | . . . . . . . . . . . . . . . . . . . Kinetic . | . . . . . . . . . . . . . . . . . . . Secondary . | . . . . . . . . . . . . . . . . . . . Self-Inflicted Damage . | . . . . . . . . . . . . . . . . . . . Shots . | . . . . . . . . . . . . . . . . . . . Rammed . | . . . . . . . . . . . . . . . . . . . Targets Rammed . | . . . . . . . . . . . . . . . . . . . Kicked . | . . . . . . . . . . . . . . . . . . . Crushed . | . . . . . . . . . . . . . . . . . . . Highest Temperature 306 | . . . 108 30 . 51 306 . . . . . . 89 . . . . Average Temperature 49 | . . . 33 15 . 26 84 . . . . . . 45 . . . . Received Heat Transfer 411 | . 24 . 111 24 . . 216 . 18 . . . . . 9 . . 9 Effects 1 | . . . . . . . 1 . . . . . . . . . . . Energy Bleed 1 | . . . . . . . 1 . . . . . . . . . . . Siege Activations . | . . . . . . . . . . . . . . . . . . . Robots Corrupted 1 | . . . 1 . . . . . . . . . . . . . . . Combat Hostiles 1 | . . . 1 . . . . . . . . . . . . . . . Parts Fried . | . . . . . . . . . . . . . . . . . . . Impact Corruptions . | . . . . . . . . . . . . . . . . . . . Robots Melted . | . . . . . . . . . . . . . . . . . . . Combat Hostiles . | . . . . . . . . . . . . . . . . . . . Parts Melted 3 | . . . . . . . 3 . . . . . . . . . . . Heat Transferred 3620 | . . . 555 161 . 274 1979 . 170 . 481 . . . . . . . Parts Sabotaged . | . . . . . . . . . . . . . . . . . . . Parts Stolen . | . . . . . . . . . . . . . . . . . . . Parts Stripped . | . . . . . . . . . . . . . . . . . . . Power Chain Reactions 2 | . . . . 1 . . . . . . . . . 1 . . . . Missiles Intercepted . | . . . . . . . . . . . . . . . . . . . Alert | -11 -10 -10 -9 -9 -9 -8 -8 -7 -7 -6 -6 -6 -6 -5 -4 -4 -4 -4 ------- Run | Jun Mat Min Mat Min Exi Min Mat Fac DSF Fac Was Fac DSF Fac Fac Was Fac Gar Peak Influence 446 | . 15 20 211 143 . 57 258 62 43 77 44 . 359 446 296 130 91 239 Initial 188 | . . 5 7 82 . . 1 62 43 19 26 . . 188 164 100 91 63 Average 119 | . . 19 116 130 . 12 89 62 34 32 4 . 200 301 192 111 91 159 Maximum Alert Level 2 | . . . 1 . . . 1 . . . . . 1 2 1 . . 1 Low Security (%) 78 | . 100 100 89 100 . 100 88 100 100 100 100 100 61 11 72 100 100 90 Level 1 19 | . . . 10 . . . 11 . . . . . 38 77 27 . . 9 Level 2 1 | . . . . . . . . . . . . . . 11 . . . . Level 3 . | . . . . . . . . . . . . . . . . . . . Level 4 . | . . . . . . . . . . . . . . . . . . . Level 5 . | . . . . . . . . . . . . . . . . . . . High Security . | . . . . . . . . . . . . . . . . . . . Max Security . | . . . . . . . . . . . . . . . . . . . Sterilizations 1 | . . . . . . . . . . . . . 1 . . . . . Squads Dispatched 12 | . 1 . 1 . . . 2 . . 1 . . 1 4 2 . . . Investigation 5 | . 1 . . . . . 1 . . 1 . . . 1 1 . . . Extermination 3 | . . . . . . . . . . . . . . 2 1 . . . Reinforcement 4 | . . . 1 . . . 1 . . . . . 1 1 . . . . Assault . | . . . . . . . . . . . . . . . . . . . Garrison . | . . . . . . . . . . . . . . . . . . . Intercept . | . . . . . . . . . . . . . . . . . . . Searches Triggered . | . . . . . . . . . . . . . . . . . . . Construction Impeded 1 | . . . . . . . . . . . . . . 1 . . . . Haulers Reinforced . | . . . . . . . . . . . . . . . . . . . Active Scanning Responses . | . . . . . . . . . . . . . . . . . . . Cargo Convoy Interrupts . | . . . . . . . . . . . . . . . . . . . Stealth | -11 -10 -10 -9 -9 -9 -8 -8 -7 -7 -6 -6 -6 -6 -5 -4 -4 -4 -4 --------- Run | Jun Mat Min Mat Min Exi Min Mat Fac DSF Fac Was Fac DSF Fac Fac Was Fac Gar Distress Signals 3 | . . . . . . . 1 . 1 . . . . 1 . . . . Communications Jammed . | . . . . . . . . . . . . . . . . . . . Distress Signals . | . . . . . . . . . . . . . . . . . . . Times Spotted 81 | . 3 3 8 2 . 3 22 . 2 1 6 . 7 11 2 5 1 5 Peak Tracking Total 10 | . 3 3 3 2 . 3 10 . 1 1 5 . 4 6 2 5 5 4 Tactical Retreats 2 | . . . . . . . . . 1 . . . . . 1 . . . Traps | -11 -10 -10 -9 -9 -9 -8 -8 -7 -7 -6 -6 -6 -6 -5 -4 -4 -4 -4 ------- Run | Jun Mat Min Mat Min Exi Min Mat Fac DSF Fac Was Fac DSF Fac Fac Was Fac Gar Traps Triggered 9 | . . . . . . . 1 . . 1 . . 4 1 1 . . 1 Indirectly . | . . . . . . . . . . . . . . . . . . . Trap Hack Attempts . | . . . . . . . . . . . . . . . . . . . Triggered . | . . . . . . . . . . . . . . . . . . . Disarmed . | . . . . . . . . . . . . . . . . . . . Reprogrammed . | . . . . . . . . . . . . . . . . . . . Reused . | . . . . . . . . . . . . . . . . . . . Traps Extracted . | . . . . . . . . . . . . . . . . . . . Installed . | . . . . . . . . . . . . . . . . . . . Triggered . | . . . . . . . . . . . . . . . . . . . Machines | -11 -10 -10 -9 -9 -9 -8 -8 -7 -7 -6 -6 -6 -6 -5 -4 -4 -4 -4 ---------- Run | Jun Mat Min Mat Min Exi Min Mat Fac DSF Fac Was Fac DSF Fac Fac Was Fac Gar Machines Disabled 5 | . . . . . . . . . . . . . 1 2 . . . 2 Max in Single Turn 2 | . . . . . . . . . . . . . . 1 . . . 2 Phase Generator 1 | . . . . . . . . . . . . . . . . . . 1 Machines Repaired . | . . . . . . . . . . . . . . . . . . . Machines Sabotaged . | . . . . . . . . . . . . . . . . . . . Overloaded Fab Kills . | . . . . . . . . . . . . . . . . . . . Hacking | -11 -10 -10 -9 -9 -9 -8 -8 -7 -7 -6 -6 -6 -6 -5 -4 -4 -4 -4 --------- Run | Jun Mat Min Mat Min Exi Min Mat Fac DSF Fac Was Fac DSF Fac Fac Was Fac Gar Machines Accessed 29 | . 1 . 2 1 1 . 3 1 . 6 . 2 . 7 4 . 1 . Terminals 18 | . 1 . 1 . . . 2 1 . 4 . 2 . 4 3 . . . Fabricators 3 | . . . . . . . . . . . . . . 2 1 . . . Repair Stations . | . . . . . . . . . . . . . . . . . . . Recycling Units 3 | . . . . . . . 1 . . 1 . . . 1 . . . . Scanalyzers 2 | . . . 1 . . . . . . 1 . . . . . . . . Garrison Access 1 | . . . . . . . . . . . . . . . . . 1 . Total Hacks 128 | . 3 . 4 1 1 . 8 1 . 43 . 16 . 25 25 . 1 . Successful 84 | . 1 . 3 1 1 . 5 1 . 29 . 12 . 17 13 . 1 . Failed 42 | . 2 . 1 . . . 2 . . 13 . 4 . 8 12 . . . Catastrophic 12 | . . . . . . . 1 . . 3 . . . 4 4 . . . Database Lockouts 2 | . . . . . . . 1 . . 1 . . . . . . . . Manual 64 | . . . 2 . 1 . 4 . . 17 . 11 . 15 14 . . . Terminals 93 | . 3 . 2 . . . 7 1 . 32 . 16 . 11 21 . . . Fabricators 14 | . . . . . . . . . . . . . . 10 4 . . . Repair Stations . | . . . . . . . . . . . . . . . . . . . Recycling Units 10 | . . . . . . . 1 . . 5 . . . 4 . . . . Scanalyzers 8 | . . . 2 . . . . . . 6 . . . . . . . . Garrison Access 1 | . . . . . . . . . . . . . . . . . 1 . Terminal Hacks 44 | . 1 . . 1 1 . 3 1 . 16 . 11 . 3 7 . . . Record 2 | . . . . . . . . . . . . . . . 2 . . . Part Schematic 4 | . . . . . . . . . . 2 . . . 1 1 . . . Robot Schematic 3 | . . . . . . . . . . 1 . 2 . . . . . . Robot Analysis 8 | . . . . . . . 2 . . 1 . 5 . . . . . . Prototype ID Bank 1 | . . . . . . . . . . 1 . . . . . . . . Open Door 1 | . . . . 1 . . . . . . . . . . . . . . Open DSF 3 | . . . . . . . . 1 . . . 1 . 1 . . . . Level Access Points 1 | . . . . . . . . . . . . . . 1 . . . . Branch Access Points 3 | . . . . . . . . . . 1 . 1 . . 1 . . . Terminal Index 2 | . . . . . . . . . . . . 1 . . 1 . . . Fabricator Index 1 | . . . . . . . . . . . . . . . 1 . . . Alert Level 1 | . . . . . . . . . . 1 . . . . . . . . Unreport Threat 1 | . . . . . . . . . . 1 . . . . . . . . Locate Traps 2 | . . . . . . . 1 . . 1 . . . . . . . . Dispatch Records 1 | . . . . . . . . . . 1 . . . . . . . . Surveillance Status 1 | . . . . . . . . . . 1 . . . . . . . . Recall Investigation 1 | . . . . . . . . . . 1 . . . . . . . . Hauler Manifests 1 | . . . . . . . . . . 1 . . . . . . . . Registered Prototypes 1 | . . . . . . . . . . 1 . . . . . . . . Zone Layout 5 | . 1 . . . . . . . . 2 . 1 . . 1 . . . EX-Prototype ID Bank 1 | . . . . . 1 . . . . . . . . . . . . . Fabricator Hacks 9 | . . . . . . . . . . . . . . 7 2 . . . Network Status 1 | . . . . . . . . . . . . . . 1 . . . . Load Schematic 4 | . . . . . . . . . . . . . . 3 1 . . . Build 4 | . . . . . . . . . . . . . . 3 1 . . . Repair Station Hacks . | . . . . . . . . . . . . . . . . . . . Recycling Unit Hacks 4 | . . . . . . . 1 . . 2 . . . 1 . . . . Report Inventory 3 | . . . . . . . 1 . . 1 . . . 1 . . . . Retrieve Components 1 | . . . . . . . . . . 1 . . . . . . . . Scanalyzer 7 | . . . 2 . . . . . . 5 . . . . . . . . Insert Component 3 | . . . 1 . . . . . . 2 . . . . . . . . Analyze 4 | . . . 1 . . . . . . 3 . . . . . . . . Garrison Access Hacks 1 | . . . . . . . . . . . . . . . . . 1 . Unlock Access 1 | . . . . . . . . . . . . . . . . . 1 . Unauthorized Hacks 19 | . . . 1 . . . 1 . . 6 . 1 . 6 4 . . . Terminals 8 | . . . 1 . . . 1 . . 2 . 1 . 1 2 . . . Assimilate 1 | . . . . . . . . . . . . . . . 1 . . . Botnet 7 | . . . 1 . . . 1 . . 2 . 1 . 1 1 . . . Fabricators 5 | . . . . . . . . . . . . . . 3 2 . . . Report 2 | . . . . . . . . . . . . . . 1 1 . . . Fabnet 1 | . . . . . . . . . . . . . . 1 . . . . Overload 2 | . . . . . . . . . . . . . . 1 1 . . . Repair Stations . | . . . . . . . . . . . . . . . . . . . Recycling Units 5 | . . . . . . . . . . 3 . . . 2 . . . . Monitor 1 | . . . . . . . . . . 1 . . . . . . . . Reject 2 | . . . . . . . . . . 1 . . . 1 . . . . Mask 2 | . . . . . . . . . . 1 . . . 1 . . . . Scanalyzers 1 | . . . . . . . . . . 1 . . . . . . . . Extract 1 | . . . . . . . . . . 1 . . . . . . . . Garrison Access . | . . . . . . . . . . . . . . . . . . . Data Cores Recovered 1 | . . . . . . . 1 . . . . . . . . . . . Used . | . . . . . . . . . . . . . . . . . . . Hacking Detections 17 | . 1 . 2 . . . 2 . . 5 . 1 . 3 3 . . . Full Trace Events 3 | . 1 . 1 . . . 1 . . . . . . . . . . . Feedback Events 1 | . . . 1 . . . . . . . . . . . . . . . Corruption 1 | . . . 1 . . . . . . . . . . . . . . . Feedback Blocked . | . . . . . . . . . . . . . . . . . . . Robot Schematics Acquired 3 | . . . . . . . . . . 1 . 2 . . . . . . Robots Built . | . . . . . . . . . . . . . . . . . . . Authchips . | . . . . . . . . . . . . . . . . . . . Time . | . . . . . . . . . . . . . . . . . . . Total Robot Build Rating . | . . . . . . . . . . . . . . . . . . . Part Schematics Acquired 20 | . . . 1 . . . . . . 17 . . . 1 1 . . . Parts Built 4 | . . . . . . . . . . . . . . 3 1 . . . Authchips 4 | . . . . . . . . . . . . . . 3 1 . . . Time 212 | . . . . . . . . . . . . . . 159 53 . . . Total Part Build Rating 24 | . . . . . . . . . . . . . . 18 6 . . . Parts Repaired . | . . . . . . . . . . . . . . . . . . . Time . | . . . . . . . . . . . . . . . . . . . Parts Recycled . | . . . . . . . . . . . . . . . . . . . Recycled Matter . | . . . . . . . . . . . . . . . . . . . Retrieved Matter . | . . . . . . . . . . . . . . . . . . . Retrieved Components 3 | . . . . . . . . . . 3 . . . . . . . . Parts Scanalyzed 3 | . . . 1 . . . . . . 2 . . . . . . . . Part Schematics Acquired 3 | . . . 1 . . . . . . 2 . . . . . . . . Parts Damaged 1 | . . . . . . . . . . 1 . . . . . . . . Bothacking | -11 -10 -10 -9 -9 -9 -8 -8 -7 -7 -6 -6 -6 -6 -5 -4 -4 -4 -4 ------------ Run | Jun Mat Min Mat Min Exi Min Mat Fac DSF Fac Was Fac DSF Fac Fac Was Fac Gar Used RIF Installer . | . . . . . . . . . . . . . . . . . . . Robots Hacked . | . . . . . . . . . . . . . . . . . . . Non-combat . | . . . . . . . . . . . . . . . . . . . Combat . | . . . . . . . . . . . . . . . . . . . Robot Hacks Applied . | . . . . . . . . . . . . . . . . . . . Relay Couplers Released . | . . . . . . . . . . . . . . . . . . . Fabnet Peak Effective % . | . . . . . . . . . . . . . . . . . . . Robots Rewired . | . . . . . . . . . . . . . . . . . . . Allies Hacked . | . . . . . . . . . . . . . . . . . . . Hacks Repelled . | . . . . . . . . . . . . . . . . . . . Allies | -11 -10 -10 -9 -9 -9 -8 -8 -7 -7 -6 -6 -6 -6 -5 -4 -4 -4 -4 -------- Run | Jun Mat Min Mat Min Exi Min Mat Fac DSF Fac Was Fac DSF Fac Fac Was Fac Gar Total Allies 23 | . . . . 3 . . . . . . 19 . . . 1 . . . Largest Group 19 | . . . . 3 3 3 1 . . . 19 10 10 9 1 . . . Highest-Rated Group 684 | . . . . 40 40 40 8 . . . 684 400 399 359 26 . . . Highest-Rated Ally 50 | . . . . 16 16 16 8 . . . 50 46 46 46 26 . . . Total Orders . | . . . . . . . . . . . . . . . . . . . Ally Attacks 180 | . . . . . . 14 3 . . . 95 . 33 35 . . . . Total Damage 5168 | . . . . . . 158 23 . . . 3602 . 735 650 . . . . Kills 28 | . . . . . . 1 . . . . 12 . 8 7 . . . . Allies Corrupted 2 | . . . . . . . . . . . . . . 1 1 . . . Allies Melted . | . . . . . . . . . . . . . . . . . . . Intel | -11 -10 -10 -9 -9 -9 -8 -8 -7 -7 -6 -6 -6 -6 -5 -4 -4 -4 -4 ------- Run | Jun Mat Min Mat Min Exi Min Mat Fac DSF Fac Was Fac DSF Fac Fac Was Fac Gar Robot Analysis Total 8 | . . . . . . . 2 . . 1 . 5 . . . . . . Derelict Logs Recovered . | . . . . . . . . . . . . . . . . . . . Drone Launches . | . . . . . . . . . . . . . . . . . . . Drone Recoveries . | . . . . . . . . . . . . . . . . . . . Exploration | -11 -10 -10 -9 -9 -9 -8 -8 -7 -7 -6 -6 -6 -6 -5 -4 -4 -4 -4 ------------- Run | Jun Mat Min Mat Min Exi Min Mat Fac DSF Fac Was Fac DSF Fac Fac Was Fac Gar Turns Passed 4632 | . 124 15 284 258 224 737 565 9 64 153 406 117 217 732 345 44 12 326 Spaces Moved 4478 | 1 100 13 167 159 231 718 336 20 91 260 310 142 184 917 543 104 29 153 Core . | . . . . . . . . . . . . . . . . . . . Treads 76 | . . . 34 42 . . . . . . . . . . . . . . Legs 1432 | 1 100 13 19 . 112 718 334 20 91 24 . . . . . . . . Wheels 350 | . . . 114 117 119 . . . . . . . . . . . . . Hover . | . . . . . . . . . . . . . . . . . . . Flight 2620 | . . . . . . . 2 . . 236 310 142 184 917 543 104 29 153 Fastest Speed 32 | 120 120 120 80 90 90 90 45 45 45 37 37 37 37 37 37 40 40 32 Average Speed 62 | 120 120 120 106 108 90 90 83 45 45 41 72 37 37 37 37 40 40 42 Slowest Speed 600 | 120 120 120 160 160 90 90 600 45 45 90 117 37 37 40 40 40 40 120 Overloaded Moves 188 | . . . . . . . 72 20 91 5 . . . . . . . . Propulsion Burnouts . | . . . . . . . . . . . . . . . . . . . Robots Hopped 10 | . . . . . . . . . . . . 4 . 2 4 . . . Cave-ins Triggered . | . . . . . . . . . . . . . . . . . . . Exploration Rate (%) 36 | 2 24 9 21 25 59 100 40 1 91 6 87 4 88 21 15 75 1 22 Regions Visited 18 Branch Regions 4 Pre-discovered Areas . | . . . . . . . . . . . . . . . . . . . Known Exits Taken 4 | . . . . . . . . 1 . . . 1 . 1 . . 1 . Unknown Exits Taken 8 | 1 1 1 1 1 1 1 1 . . . . . . . . . . . Scrap Searched 3 | . . . . . . 3 . . . . . . . . . . . . Spaces Dug 4 | . . . . . . . . . . . . . . 2 2 . . . Terrain Destroyed 174 | . . . . 6 . . 3 . . . . . . 71 2 . . 92 Melee 4 | . . . . . . . . . . . . . . 2 2 . . . Projectile 3 | . . . . . . . 3 . . . . . . . . . . . AOE 167 | . . . . 6 . . . . . . . . . 69 . . . 92 Terrain Rammed . | . . . . . . . . . . . . . . . . . . . Walls Destroyed . | . . . . . . . . . . . . . . . . . . . Machines Disabled . | . . . . . . . . . . . . . . . . . . . Actions | -11 -10 -10 -9 -9 -9 -8 -8 -7 -7 -6 -6 -6 -6 -5 -4 -4 -4 -4 --------- Run | Jun Mat Min Mat Min Exi Min Mat Fac DSF Fac Was Fac DSF Fac Fac Was Fac Gar Total 6112 | . 103 12 228 239 247 799 561 19 110 313 483 202 318 1273 674 105 29 397 Wait 1179 | . . . 9 51 7 65 114 . . 17 137 56 57 313 124 2 . 227 Move 4443 | . 99 12 166 158 230 717 335 19 90 260 309 133 183 912 535 103 29 153 Hop 10 | . . . . . . . . . . . . 4 . 2 4 . . . Pick Up 81 | . 2 . 6 7 . 7 25 . 7 7 6 3 6 4 1 . . . Fast Attach 45 | . . . 6 1 4 1 7 . 3 2 2 1 3 7 5 . . 3 Attach 29 | . 1 . 2 3 . . 5 . 2 5 3 . 3 5 . . . . Detach 17 | . . . 1 . . . 1 . . 2 4 . 4 4 . . . 1 Swap 37 | . 1 . 5 4 1 2 11 . . 3 2 1 . 2 1 . . 4 Drop 104 | . . . 10 10 5 3 30 . 6 17 9 4 4 4 1 . . 1 Fire 88 | . . . 23 5 . 4 33 . 2 . 11 . . 9 . . . 1 Melee 28 | . . . . . . . . . . . . . 8 11 3 . . 6 Ram . | . . . . . . . . . . . . . . . . . . . Kick . | . . . . . . . . . . . . . . . . . . . Crush . | . . . . . . . . . . . . . . . . . . . Escape Stasis 51 | . . . . . . . . . . . . . 50 . . . . 1 Rewire . | . . . . . . . . . . . . . . . . . . . Trap . | . . . . . . . . . . . . . . . . . . . Miscellaneous . | . . . . . . . . . . . . . . . . . . . Route ------- -11/Junkyard -10/Materials -10/Mines -9/Materials (discovered 2 exits: *Min x2) -9/Mines -9/Exiles -8/Mines (discovered 2 exits: *Mat x2) -8/Materials (discovered 2 exits: *Fac x2) -7/Factory -7/DSF -6/Factory (discovered 2 exits: Low x2) -6/Waste -6/Factory (discovered 3 exits: Low x2 / DSF) -6/DSF -5/Factory (discovered 4 exits: *Fac x4) -4/Factory (discovered 4 exits: Upp x2 / Ext x2) -4/Waste -4/Factory -4/Garrison History --------- Turn | Location | Event 1 | -11/Junkyard | Discovered new exit (range 0) 1 | -11/Junkyard | Entered Materials 76 | -10/Materials | Discovered new exit (range 13) 125 | -10/Materials | Entered Mines 125 | -10/Mines | Discovered new exit (range 12) 140 | -10/Mines | Entered Materials 140 | -9/Materials | Evolved 2 slots: Utility x2 282 | -9/Materials | Discovered new exit (range 4) 397 | -9/Materials | Discovered new exit (range 15) 424 | -9/Materials | Entered Mines 467 | -9/Mines | Met a Derelict who couldn't figure out how to use a Trap Extractor 472 | -9/Mines | Met a Derelict bent on vengeance 635 | -9/Mines | Assembled infested the area 646 | -9/Mines | Assisted by bots powering up and referring to "LRC-V3" 674 | -9/Mines | Deemed a non-threat by the Exiles lab entrance 674 | -9/Mines | Discovered new exit (range 5) 682 | -9/Mines | Entered Exiles 682 | -9/Exiles | Accompanied by 3 allies 705 | -9/Exiles | Met 8R-AWN 721 | -9/Exiles | Met EX-HEX 752 | -9/Exiles | Met EX-BIN 762 | -9/Exiles | Aligned with FarCom system 763 | -9/Exiles | Given EX-Vault access code 784 | -9/Exiles | Opened EX-Vault 792 | -9/Exiles | Found Potential Leg 794 | -9/Exiles | Found Potential Leg 813 | -9/Exiles | Warned to stay clear of 0b10 Research branches 846 | -9/Exiles | Met EX-DEC 892 | -9/Exiles | Discovered new exit (range 10) 906 | -9/Exiles | Left Exiles lab with Potential Leg 906 | -9/Exiles | Entered Mines 906 | -8/Mines | Accompanied by 3 allies 1088 | -8/Mines | Build established: Mutant 1179 | -8/Mines | Discovered new exit (range 9) 1462 | -8/Mines | Build established: Scavenger-Mutant 1509 | -8/Mines | Discovered new exit (range 15) 1643 | -8/Mines | Entered Materials 1643 | -8/Materials | Accompanied by 1 ally 1643 | -8/Materials | Evolved 2 slots: Utility x2 1864 | -8/Materials | Found Prototype Launcher 1864 | -8/Materials | Identified Rocket Array 1880 | -8/Materials | Found Rocket Array 2006 | -8/Materials | Discovered new exit (range 9) 2117 | -8/Materials | Central database locked down 2201 | -8/Materials | Discovered new exit (range 16) 2208 | -8/Materials | Entered Factory 2208 | -7/Factory | Evolved 2 slots: Utility x2 2217 | -7/Factory | Identified exit to DSF 2217 | -7/Factory | Entered DSF 2250 | -7/DSF | Discovered new exit (range 14) 2252 | -7/DSF | Additional patrols routed to DSF 2281 | -7/DSF | Entered Factory 2281 | -6/Factory | Evolved 2 slots: Utility x2 2334 | -6/Factory | Identified exit to Lower Caves 2388 | -6/Factory | Central database locked down 2434 | -6/Factory | Manually triggered Chute Trap 2434 | -6/Factory | Sucked down chute 2434 | -6/Factory | Entered Waste 2453 | -6/Waste | Warlord forces began an assault 2471 | -6/Waste | Spotted C-40 Crusher 2480 | -6/Waste | Allies destroyed C-40 Crusher 2481 | -6/Waste | Spotted C-40 Crusher 2481 | -6/Waste | Spotted C-40 Crusher 2483 | -6/Waste | Spotted C-40 Crusher 2483 | -6/Waste | Spotted C-40 Crusher 2493 | -6/Waste | Allies destroyed C-40 Crusher 2501 | -6/Waste | Allies destroyed C-40 Crusher 2507 | -6/Waste | Allies destroyed C-40 Crusher 2510 | -6/Waste | Spotted C-40 Crusher 2511 | -6/Waste | Allies destroyed C-40 Crusher 2516 | -6/Waste | Allies destroyed C-40 Crusher 2609 | -6/Waste | Build established: Wizard-Mutant 2626 | -6/Waste | Discovered new exit (range 11) 2840 | -6/Waste | Entered Factory 2840 | -6/Factory | Accompanied by 10 allies 2864 | -6/Factory | Found Prototype Launcher 2864 | -6/Factory | Identified Scatter Rocket Array 2900 | -6/Factory | Identified exit to DSF 2957 | -6/Factory | Entered DSF 2957 | -6/DSF | Accompanied by 10 allies 2998 | -6/DSF | Additional patrols routed to DSF 3029 | -6/DSF | Discovered new exit (range 15) 3131 | -6/DSF | Sterilization system engaged 3151 | -6/DSF | Ambient heat levels rising (+10) 3166 | -6/DSF | Ambient heat levels rising (+10) 3174 | -6/DSF | Entered Factory 3174 | -5/Factory | Accompanied by 9 allies 3174 | -5/Factory | Evolved 2 slots: Utility x2 3264 | -5/Factory | Build established: Hacker-Mutant 3280 | -5/Factory | Discovered new exit (range 10) 3410 | -5/Factory | Identified exit to Factory 3685 | -5/Factory | Build established: Wizard-Mutant 3692 | -5/Factory | Fabricated Adv. System Shield (x1) 3746 | -5/Factory | Fabricated Adv. System Shield (x1) 3857 | -5/Factory | Fabricated Adv. System Shield? 3906 | -5/Factory | Entered another Factory area 3906 | -4/Factory | Evolved 2 slots: Utility x2 4088 | -4/Factory | Identified exit to Upper Caves 4088 | -4/Factory | Identified exit to Extension 4214 | -4/Factory | Fabricated Adv. Hacking Suite (x1) 4251 | -4/Factory | Manually triggered Chute Trap 4251 | -4/Factory | Sucked down chute 4251 | -4/Factory | Entered Waste 4255 | -4/Waste | Spotted C-40 Crusher 4272 | -4/Waste | Spotted C-40 Crusher 4284 | -4/Waste | Spotted C-40 Crusher 4286 | -4/Waste | Spotted C-40 Crusher 4286 | -4/Waste | Spotted C-40 Crusher 4287 | -4/Waste | Spotted C-40 Crusher 4291 | -4/Waste | Discovered new exit (range 10) 4294 | -4/Waste | Identified exit to Factory 4295 | -4/Waste | Entered Factory 4307 | -4/Factory | Identified exit to Garrison 4307 | -4/Factory | Entered Garrison 4410 | -4/Garrison | Phase Generator disabled 4594 | -4/Garrison | Spotted B-86 Titan 4632 | -4/Garrison | Triggered checkpoint 4633 | -4/Garrison | Self-destructed Last Messages --------------- 04307_ Receiving FarCom transmissions... 04415_ The unstable cave ceiling collapses. 04448_ Dropped ECM Suite. 04469_ The unstable cave ceiling collapses. 04601_ S-27 Virus destroyed. 04601_ Xenon Bombardment Thruster destroyed. 04603_ Mic. Nuclear Core destroyed. 04604_ S-27 Virus destroyed. 04610_ Dual-blade Saw destroyed. 04613_ Acquired VTOL Module. 04617_ Acquired 26 matter. 04622_ Acquired Lgt. Nuclear Core. 04624_ Acquired 23 matter. 04629_ Adv. System Shield destroyed. 04629_ Imp. Reaction Control System destroyed. 04629_ Slug penetrates Wall. 04632_ Triggered Stasis Trap. 04632_ A bubble of rippling energy engulfs the area. 04632_ Field strength at 95. 04632_ Field strength at 90. Map ----- +----------------------------------------------------+ | ?????????????????????????????????????????????????? | | ?????????????????????????????????????????????????? | | ?????????????????????????????????????????????????? | | ?????????????????????????????????????????????????? | | ?????????????????????????????????????????????????? | | ?????????????????????????????????????????????????? | | ?????????????????????????????????????????????????? | | ?????????????????????????????????????????????????? | | ????????????????????????g????????????????????????? | | ?????????????????????????????????????????????????? | | ?????????????????????????????????????????????????? | | ?????????????????????????????????????????????????? | | ?????????????????????????????????????????????????? | | ?????????????????????????????????????????????????? | | ?????????????????????????????????????????????????? | | ?????????????????????????????????????????????????? | | ?????????????????????????????????????????????????? | | ????????????????????????????##???????????????????? | | ???????????????????????????? #???????????????????? | | ???????????????????????????? #???????????????????? | | ???????????????????????????? #???????????????????? | | ??????????????????????#????? #??g?gg?????????????? | | ??????????????????????# ??## ###""""## ##Y??????? | | ????????????????# #### ### #???????? | | ????????????????# ???????? | | ????????????????# @ ???????? | | ?????????????????########## ## #?? ????????? | | ??????????????????????????# ;# ## #???????? | | ??????????????????????????Y "???????? | | ??????????????????????????" BB "d??????? | | ?????????????????????????Y" "i??????? | | ??????????????????????????" "???????? | | ??????????????????????????# ## ## #???????? | | ?????????????############## ## ## #???????? | | ????????????# ??????? | | ????????????# ??????? | | ????????????# s #???????? | | ????????????# #### ####### ###""""######???????? | | ???????????????????#???????# #?# YY?????????????? | | ???????????????????????????#[#?# #???????????????? | | ???????????????????????????# ### #???????????????? | | ???????????????????????????#% #???????????????? | | ???????????????????# ####### #####???????????????? | | ????????????? *#???????????????????? | | ????????????????????######## #???????????????????? | | ???????????????????????????# #???????????????????? | | ???????????????????????????# #???????????????????? | | ???????????????????????????# #???????????????????? | | ???????????????????????????# #???????????????????? | | ???????????????????????????# #???????????????????? | +----------------------------------------------------+ Best States ------------- Heat Dissipation 67 Energy Generation 18 Energy Capacity 250 Matter Stores 300 Matter Capacity 300 Sight Range 16 Terrain Scan Density 10 Additional Mass Support 9 Armor Coverage 300 Evasion (%) 72 Targeting Accuracy 20 Launcher Accuracy 20 Target Analysis 6 Core Analysis 9 Armor Integrity Analysis 40 Recoil Reduction 2 Offensive Hacking 34 Defensive Hacking 48 Authchip Count 6 Item Schematics ----------------- Hacking Suite | -9/Materials | Scanalyzed Imp. Particle Charger | -6/Factory | Hacked Imp. Powered Armor | -6/Factory | Hacked Core Analyzer | -6/Factory | Scanalyzed Lgt. Angular Momentum Engine | -6/Factory | Scanalyzed Angular Momentum Engine | -6/Factory | Extracted Imp. Titanium Leg | -6/Factory | Extracted Mic. Nuclear Core | -6/Factory | Extracted Flak Gun | -6/Factory | Extracted Imp. Sensor Array | -6/Factory | Extracted Lrg. Storage Unit | -6/Factory | Extracted Kinecellerator | -6/Factory | Extracted Imp. Utility Shielding | -6/Factory | Extracted Great Axe | -6/Factory | Extracted Spear | -6/Factory | Extracted ECM Suite | -6/Factory | Extracted Machine Analyzer | -6/Factory | Extracted Arc Projector | -6/Factory | Extracted Adv. System Shield | -5/Factory | Hacked Adv. Hacking Suite | -4/Factory | Hacked Robot Schematics ------------------ P-60 Hacker | -6/Factory | Hacked B-48 Gladiator | -6/Factory | Hacked G-50 Soldier | -6/Factory | Hacked Fabricated ------------ Adv. System Shield | x1 | -5/Factory | Authchip Adv. System Shield | x1 | -5/Factory | Authchip Adv. System Shield | x1 | -5/Factory | Authchip Adv. Hacking Suite | x1 | -4/Factory | Authchip Alien Tech Used ----------------- None Achievements -------------- None Challenges ------------ None Game ------ Seed GravmagNeutronMembrane Manual? 0 Play Time 01:02:23 Cumulative 540.6 hours Start 2023.04.09 @ 00:18:26 End 2023.04.09 @ 02:01:57 Sessions 1 Manual Loads 0 Difficulty Rogue Special Mode None Game No. 565 Rogue 565 Adventurer 0 Explorer 0 Win Type - Total 1 Types 1/0/0/0/0/0/0/0/0 Lore% 65 Gallery% 83 Achievement% 66 Wizard Run 0 Options --------- ASCII 0 Keyboard 0 Movement Mouse Keybinds 0 Fullscreen 2 Font 24/Smallcaps Map View 76x50 Tactical HUD 1 Map Filters NONE Filters NONE Steam 1 RUN: adc4ced7-e56d-4d01-b2a7-f2db077c3fcd